 Dungeon Crawl Stone Soup version 0.20.1-1-g8b1a95d (webtiles) character file.

102 dohliylev the Sneak (level 4, 0/31 HPs)
             Began as a Vampire Enchanter on Aug 7, 2017.
             Succumbed to an adder's poison
             ... on level 2 of the Dungeon.
             The game lasted 00:06:02 (2131 turns).

dohliylev the Sneak (Vampire Enchanter)             Turns: 2131, Time: 00:06:03

Health: 0/31       AC:  2    Str:  7    XL:     4   Next: 49%
Magic:  3/7        EV: 13    Int: 18    God:
Gold:   104        SH:  0    Dex: 14    Spells: 4/7 levels left

rFire    . . .     SeeInvis +   a - +1 dagger
rCold    . . .     Gourm    .   (no shield)
rNeg     . . .     Faith    .   b - +0 robe
rPois    .         Spirit   .   (no helmet)
rElec    .         Reflect  .   (no cloak)
rCorr    .         Harm     .   (no gloves)
MR       .....                  (no boots)
Stlth    ++++......             (no amulet)
Regen    0.3/turn               h - ring of stealth
MPRegen  0.1/turn               (no ring)

@: lethally poisoned (0 -> -6), regenerating quickly
A: fangs 3, see invisible, unbreathing
a: no special abilities


You were on level 2 of the Dungeon.
You were almost alive.

You visited 1 branch of the dungeon, and saw 2 of its levels.

You collected 104 gold pieces.

Inventory:

Hand Weapons
 a - a +1 dagger (weapon)
Armour
 b - a +0 robe (worn)
Jewellery
 h - a ring of stealth (left hand)
Scrolls
 e - 3 scrolls of identify {unknown}
 f - a scroll of immolation {unknown}
 g - a scroll of fog {unknown}
 j - 2 scrolls of blinking {unknown}
 l - a scroll of teleportation {unknown}
 m - a scroll of noise {unknown}
 p - a scroll of remove curse {unknown}
Potions
 d - 7 potions of blood
 i - a potion of haste
 k - a potion of heal wounds {unknown}
 n - a potion of berserk rage {unknown}
 o - a potion of agility {unknown}
Books
 c - a book of Maledictions

   Spells                             Type                      Level
   a - Corona                         Hexes                        1
   b - Ensorcelled Hibernation        Hexes/Ice                    2
   c - Confuse                        Hexes                        3
   d - Tukima's Dance                 Hexes                        3
   e - Dazzling Spray                 Conjuration/Hexes            3


   Skills:
 + Level 0.3 Fighting
 + Level 1.5 Short Blades
 + Level 2.5 Dodging
 * Level 6.9 Stealth
 + Level 2.3 Spellcasting
 + Level 4.7 Hexes
 + Level 0.2 Ice Magic


You had 4 spell levels left.
You knew the following spells:

 Your Spells              Type           Power        Failure   Level  Hunger
a - Corona                Hex            ###....      2%          1    #......
b - Ensorcelled Hibernat  Hex/Ice        ##....       10%         2    ##.....


Dungeon Overview and Level Annotations

Branches:
Dungeon (2/15)

Altars:
Cheibriados


Innate Abilities, Weirdness & Mutations

Your natural rate of healing is unusually fast.
You have razor-sharp teeth.
You have supernaturally acute eyesight. (SInv)
You can survive without breathing.


Message History

* * * LOW HITPOINT WARNING * * *
You are lethally poisoned!
The adder poisons you!
You hit the adder.
You kill the adder!
* * * LOW HITPOINT WARNING * * *
You feel sick.
You hit the goblin but do no damage.
* * * LOW HITPOINT WARNING * * *
You feel sick. The goblin misses you.
Yummy - fresh blood!
* * * LOW HITPOINT WARNING * * *
You feel sick. The goblin hits you.
* * * LOW HITPOINT WARNING * * *
Yummy - fresh blood!
* * * LOW HITPOINT WARNING * * *
You feel sick. The goblin hits you.
* * * LOW HITPOINT WARNING * * *
Yummy - fresh blood!
You die...

#.......# .#
########.#############.#
.......................#
..........###########..#
........>...........#..#
).#<......#.........#..#
..#########.#######)#..#
..# ####.##.........#
..## #....##.#@##.#..#
...# #.#####.#g##.#..#
...# #.# #....#.##.#
#..# #.# #....#.# .#
...# #.# ##.#.#.# .#
#.## #รท# #...#.# .# #.#
#.######..##.# #.#
###......<..# #.#
#.......#...#


You could see a goblin.

Vanquished Creatures
  A gnoll (D:2)
  4 adders (D:2)
  A dart slug (D:2)
  2 leopard geckos (D:2)
  6 bats
  2 giant cockroaches (D:1)
  9 goblins
  5 hobgoblins
  4 jackals (D:2)
  4 frilled lizards
  6 kobolds (D:1)
  6 rats
50 creatures vanquished.

Notes
Turn   | Place    | Note
-------+----------+-------------------------------------------
     0 | D:1      | dohliylev the Vampire Enchanter began the quest for the Orb.
     0 | D:1      | Reached XP level 1. HP: 13/13 MP: 3/3
   390 | D:1      | Reached XP level 2. HP: 18/19 MP: 3/5
   394 | D:1      | Learned a level 2 spell: Ensorcelled Hibernation
   408 | D:1      | Reached skill level 5 in Stealth
  1421 | D:2      | Reached XP level 3. HP: 24/25 MP: 6/6
  1650 | D:2      | Reached skill level 6 in Stealth
  1744 | D:2      | Reached XP level 4. HP: 31/31 MP: 4/7
  1761 | D:2      | Found a snail-covered altar of Cheibriados.
  2130 | D:2      | HP: 1/31 [goblin (1)]
  2131 | D:2      | Succumbed to an adder's poison

Skill      XL: |  1  2  3 |
---------------+----------+-----
Stealth        | 5 6 |  6.9
Fighting       | |  0.3
Short Blades   | |  1.5
Dodging        | |  2.5
Spellcasting   | |  2.3
Hexes          | |  4.7
Ice Magic      | |  0.2

Action                   |  1- 3 |  4- 6 || total
-------------------------+-------+-------++-------
Melee: Dagger            |   115 |    30 ||   145
       Bite              |     6 |     1 ||     7
 Cast: Corona            |     7 |       ||     7
       Ensorcelled Hiber |    12 |    13 ||    25
  Use: Potion            |       |     3 ||     3
 Stab: Sleeping          |    25 |     5 ||    30
  Eat: Corpse            |    14 |       ||    14
Armor: Robe              |    30 |     5 ||    35
Dodge: Dodged            |    81 |    24 ||   105
